 Dungeon Crawl Stone Soup version 0.30-a0-956-gcec3b41aec (webtiles) character file.

Game seed: 18422780521171828740

613 Dirtsage the Chopper (level 7, 52/52 HPs)
             Began as a Demonspawn Fighter on Mar 28, 2023.
             Quit the game on level 1 of the Abyss on Mar 29, 2023.
             The game lasted 00:09:12 (3864 turns).

Dirtsage the Chopper (Demonspawn Fighter)           Turns: 3864, Time: 00:09:12

Health: 52/52      AC:  9    Str: 18    XL:     7   Next: 20%
Magic:  7/7        EV:  9    Int: 10    God:
Gold:   191        SH:  4    Dex: 12    Spells: 6/6 levels left

rFire   . . .      SeeInvis .    a - +0 war axe
rCold   . . .      Faith    .    c - +0 buckler
rNeg    . . .      Spirit   .    b - +0 scale mail
rPois   .          Reflect  .    (helmet restricted)
rElec   .          Rampage  .    (no cloak)
rCorr   .                        (no gloves)
Will    .....                    (no boots) Stlth
                                 (no amulet)
HPRegen 0.28/turn                (no ring)
MPRegen 0.10/turn                (no ring)

@: no status effects
A: antennae 1, icy blue scales 2, foul stench 1
a: no special abilities


You were on level 1 of the Abyss.
You visited 1 branch of the dungeon, and saw 4 of its levels.
You visited the Abyss 1 time.

You collected 191 gold pieces.

Inventory:

Hand Weapons
 a - a +0 war axe (weapon)
Armour
 b - a +0 scale mail (worn)
 c - a +0 buckler (worn)
Magical Staves
 i - a staff of conjuration
Jewellery
 r - a +6 ring of intelligence
Scrolls
 e - a scroll of fear {unknown}
 k - 4 scrolls of identify {unknown}
 l - a scroll of teleportation {unknown}
 o - a scroll of magic mapping {unknown}
 p - a scroll of noise {unknown}
 t - a scroll of immolation {unknown}
Potions
 d - 2 potions of might
 f - 2 potions of attraction {unknown}
 g - 4 potions of mutation {unknown}
 h - 2 potions of lignification {unknown}
 j - a potion of resistance {unknown}
 m - a potion of cancellation {unknown}
 n - 2 potions of haste {unknown}
 q - 4 potions of curing
 s - a potion of ambrosia {unknown}
 u - a potion of berserk rage {unknown}


   Skills:
 - Level 3.0 Fighting
 + Level 7.3 Axes
 - Level 2.6 Armour
 - Level 2.6 Shields


You had 6 spell levels left.
You didn't know any spells.
Your spell library contained the following spells:

 Spells                   Type           Power      Damage    Failure   Level
 Blink                    Tloc           0%         N/A       94%         2
 Lesser Beckoning         Tloc           0%         N/A       94%         2
 Momentum Strike          Conj/Tloc      0%         3d8       94%         2
 Tukima's Dance           Hex            0%         N/A       99%         3
 Passage of Golubria      Tloc           0%         N/A       100%        4
 Yara's Violent Unravell  Hex/Tmut       0%         3d3       100%        5


Dungeon Overview and Level Annotations

Branches:
Dungeon (4/15)
 Temple: D:4-7

Altars:
Xom

Shops:
D:2 :(   D:3 (

Annotations:
D:4 MrClown's ghost, amateur DsNe


Innate Abilities, Weirdness & Mutations

You have a pair of small antennae on your head.
You are mostly covered in icy blue scales. (AC +3)
You may rarely emit foul miasma when damaged in melee.


Message History

You take 3 damage, and have 41/52 hp.
You slash the kobold brigand!
The kobold brigand is almost dead.
The kobold brigand hits you with a +2 short sword of pain.
You writhe in agony.
You take 3 damage, and have 38/52 hp.
You closely miss the kobold brigand.
The kobold brigand is almost dead.
You block the kobold brigand's attack.
You slash the kobold brigand!
You kill the kobold brigand!
You feel better.
The kobold hits you with a +0 short sword.
You regained 6 hp, and now have 44/52 hp.
You closely miss the kobold.
The kobold hits you with a +0 short sword.
You block the kobold's attack.
You take 4 damage, and have 40/52 hp.
You hit the kobold.
You kill the kobold!
You barely miss the kobold. The kobold barely misses you.
You miss the kobold. The kobold hits you but does no damage.
The kobold barely misses you.
You hit the kobold.
The kobold is severely wounded.
MrClown's ghost frowns in concentration.
The kobold barely misses you.
You hit the kobold but do no damage.
The kobold is severely wounded.
The kobold hits you but does no damage.
You blink.
You block the kobold's attack.
You completely miss the kobold.
The kobold is severely wounded.
The kobold hits you but does no damage.
You are cast into the Abyss!
This branch contains the abyssal rune of Zot.
You start resting.
HP restored.
Health restored: 52 Are you sure you want to abandon this character and quit the game? (Confirm with "yes".) . ....#######.#.. .'.....@......# .#.########.... .

There were no monsters in sight!

Vanquished Creatures
  An ogre (D:4)
  A kobold brigand (D:4)
  4 orc priests (D:4)
  A jelly (D:3)
  Jessica (D:3)
  An iguana (D:4)
  Terence (D:3)
  3 orc wizards
  6 adders
  2 worms
  11 orcs
  5 ball pythons
  8 endoplasms
  A giant cockroach (D:1)
  7 goblins
  5 hobgoblins
  12 jackals
  14 kobolds
  6 quokkas
  5 bats
  4 frilled lizards
  6 rats
105 creatures vanquished.

Vanquished Creatures (others)
  6 plants
6 creatures vanquished.

Grand Total: 111 creatures vanquished

Notes
Turn   | Place    | Note
-------+----------+-------------------------------------------
     0 | D:1      | Dirtsage the Demonspawn Fighter began the quest for the
                  | Orb.
     0 | D:1      | Reached XP level 1. HP: 18/18 MP: 1/1
    32 | D:1      | Reached skill level 2 in Axes
   102 | D:1      | Gained mutation: You are partially covered in icy blue
                  | scales. (AC +2) [demonic ancestry]
   102 | D:1      | Reached XP level 2. HP: 24/24 MP: 2/2
   193 | D:1      | Upgraded the game from 0.30-a0-953-g5f1da4a474 to
                  | 0.30-a0-956-gcec3b41aec
   217 | D:1      | Reached skill level 3 in Axes
   606 | D:1      | Gained mutation: You have a pair of small antennae on your
                  | head. [demonic ancestry]
   606 | D:1      | Reached XP level 3. HP: 29/29 MP: 3/3
  1166 | D:2      | Found Onaletil's Weapon Shoppe.
  1299 | D:2      | Found Saithileucw's Book Boutique.
  1715 | D:3      | Reached skill level 4 in Axes
  1715 | D:3      | Reached XP level 4. HP: 21/35 MP: 4/4
  1889 | D:3      | Noticed Jessica
  1893 | D:3      | Killed Jessica
  1988 | D:3      | Reached XP level 5. HP: 41/41 MP: 5/5
  2010 | D:3      | Found Xicue's Weapon Shoppe.
  2051 | D:3      | Noticed Terence
  2074 | D:3      | Killed Terence
  2075 | D:3      | Reached skill level 5 in Axes
  2548 | D:3      | Found a shimmering altar of Xom.
  2782 | D:4      | Noticed an ogre
  2799 | D:4      | Killed an ogre
  2800 | D:4      | Gained mutation: You may rarely emit foul miasma when
                  | damaged in melee. [demonic ancestry]
  2800 | D:4      | Reached XP level 6. HP: 22/47 MP: 6/6
  2931 | D:4      | Reached skill level 6 in Axes
  3400 | D:4      | Reached skill level 7 in Axes
  3400 | D:4      | Gained mutation: You are mostly covered in icy blue scales.
                  | (AC +3) [demonic ancestry]
  3400 | D:4      | Reached XP level 7. HP: 9/52 MP: 7/7
  3778 | D:4      | Found a runed translucent gate.
  3778 | D:4      | Found a runed translucent gate.
  3780 | D:4      | Found a runed translucent gate.
  3781 | D:4      | Noticed MrClown's ghost (amateur DsNe)
  3831 | Abyss:1  | Cast into level 1 of the Abyss (kobold)
  3864 | Abyss:1  | Quit the game

Illustrated notes

Levels and vault maps discovered:
D:1:      minmay_arrival_shattered_statue, layout_basic
D:2:      layout_loops_corners, serial_shops, nicolae_lakefront_shop,
          nicolae_square_shop
D:3:      layout_basic, dk_xom_monty_hall, nicolae_elyvilon_temple_path,
          serial_shops, nicolae_shop_bloodbath_and_beyond, uniq_jessica,
          uniq_terence
D:4:      layout_loops_ring, gammafunk_ghost_nasty_kobolds
Abyss:1:  base:
D:2

Skill      XL: |  1  2  3  4  5  6 |
---------------+-------------------+-----
Axes           | 2 3 4 5 7 |  7.3
Fighting       | |  3.0
Armour         | |  2.6
Shields        | |  2.6

Action                     |  1- 3 |  4- 6 |  7- 9 || total
---------------------------+-------+-------+-------++-------
  Melee: War axe           |   111 |   166 |    35 ||   312
    Use: Potion            |       |       |     2 ||     2
 Armour: Scale mail        |    56 |    83 |    13 ||   152
  Dodge: Dodged            |    55 |    86 |     8 ||   149
  Block: Buckler           |    20 |    32 |     7 ||    59

Table legend: (Time is in decaauts)
 A = Elapsed time spent in this place.
 B = Non-inter-level travel time spent in this place.
 C = Inter-level travel time spent in this place.
 D = Time resting spent in this place.
 E = Time spent auto-exploring this place.
 F = Levels seen in this place.
 G = Mean time per level.
                   A        B        C        D        E       F      G
               +--------+--------+--------+--------+--------+-----+--------+
         Total |   3959 |   3838 |    121 |    220 |   2961 |   5 |  791.8 |
       Dungeon |   3926 |   3805 |    121 |    188 |   2961 |   4 |  981.5 |
         Abyss |     33 |     33 |      0 |     32 |      0 |   1 |   33.0 |
               +--------+--------+--------+--------+--------+-----+--------+

Top non-repeatable levels by time:
     D:4: 1215 daAuts
     D:3: 989 daAuts
     D:2: 940 daAuts
     D:1: 781 daAuts
 Abyss:1: 33 daAuts
